AoeStats
← javizambrana82

Glade

510418271Analyzed
1v1 RM · 3d ago on Sep 30, 2026· 29m 4s· 2 players
Game mode
Random Map
Map size
Tiny (2 player)
Population
200
Speed
Normal
Resources
Standard
Victory
Conquest
Starting age
Dark Age
Ending age
Imperial Age
RankedLock teamsTeams togetherTeam positionsShared explorationLock speedFull tech treeHidden civsTurbo modeCheats
Victory
Defeat
🇺🇸 Ethiopians · United States
683
+17
🇪🇸 Vietnamese · Spain
707
-17
It’sYaBoiDuncan
4:25 Loom
11:30 Feudal Age
13:15 Fletching
13:21 Double-Bit Axe
13:18 Horse Collar
19:43 Castle Age
20:26 Padded Archer Armor
20:03 Crossbowman
22:49 Bow Saw
28:49 Ballistics
javizambrana82
7:11 Loom
11:50 Feudal Age
12:40 Town Watch
15:23 Wheelbarrow
19:50 Castle Age
17:44 Double-Bit Axe
18:36 Stone Mining
18:44 Horse Collar
19:00 Gold Mining
21:27 Bow Saw
26:42 Fletching
28:51 Hand Cart
Connection lost

Rejoining the realm…

Still unreachable

The connection could not be restored.

Session expired

The server has moved on; the page needs a fresh start.